 Dungeon Crawl Stone Soup version 0.31-a0-486-g8d68a81214 (webtiles) character file.

Game seed: 14245103395523784677

29 javelincjr the Trooper (level 3, -6/29 HPs)
             Began as a Demonspawn Fighter on Aug 7, 2023.
             Mangled by Crazy Yiuf
             ... wielding a +3 quarterstaff of chaos
              (10 damage)
             ... on level 2 of the Dungeon.
             The game lasted 00:04:39 (1137 turns).

javelincjr the Trooper (Demonspawn Fighter)         Turns: 1137, Time: 00:04:40

Health: -6/29      AC:  6    Str: 18    XL:     3   Next: 1%
Magic:  0/3        EV:  9    Int:  9    God:
Gold:   59         SH:  0    Dex: 12    Spells: 2/2 levels left

rFire   . . .        a - +0 trident
rCold   . . .        c - +0 buckler
rNeg    . . .        b - +0 scale mail
rPois   .            (no helmet)
rElec   .            (no cloak)
rCorr   .            (no gloves)
SInv    .            (no boots)
Will    .....        (no amulet) Stlth
                     (no ring)
HPRegen 0.24/turn    (no ring)
MPRegen 0.16/turn

%: guardian spirit
@: confused, lethally poisoned (-6 -> -8), ambrosia-drunk
A: magic shield, magic regeneration
a: no special abilities


You were on level 2 of the Dungeon.
You visited 1 branch of the dungeon, and saw 2 of its levels.

You collected 59 gold pieces.

Inventory:

Hand Weapons
 a - a +0 trident (weapon)
Armour
 b - a +0 scale mail (worn)
 c - a +0 buckler (worn)
Scrolls
 e - a scroll of teleportation {unknown}
 f - 2 scrolls of identify {unknown}
 h - a scroll of enchant weapon {unknown}
Potions
 d - a potion of might
 g - a potion of ambrosia


   Skills:
 + Level 3.3 Fighting
 + Level 2.1 Polearms
 + Level 3.0 Armour
 + Level 3.0 Shields


You had 2 spell levels left.
You didn't know any spells.
Your spell library was empty.

Dungeon Overview and Level Annotations

Branches:
Dungeon (2/15)

Altars:

Shops:
D:1 (

Annotations:
D:2 Crazy Yiuf


Innate Abilities, Weirdness & Mutations

When hurt, damage is shared between your health and your magic reserves.
You regenerate magic rapidly.


Message History

You hit the fungus.
The fungus begins to die.
The fungus is lightly damaged.
A nearby fungus withers and dies.
You hit the fungus.
The fungus begins to die.
The fungus is lightly damaged.
A nearby fungus withers and dies.
You hit the fungus.
The fungus begins to die.
The fungus is lightly damaged.
Found a hammer.
Found a runed translucent door.
A nearby fungus withers and dies.
Crazy Yiuf shouts!
Sorry, you're not good enough to have a special ability.
You open the door. You barely miss Crazy Yiuf.
Crazy Yiuf hits you with a +3 quarterstaff of chaos.
You are poisoned.
You completely miss Crazy Yiuf.
You feel very sick. You block Crazy Yiuf's attack.
You hit Crazy Yiuf.
Crazy Yiuf is lightly wounded.
You feel sick.
Crazy Yiuf hits you with a +3 quarterstaff of chaos.
You convulse.
Crazy Yiuf hits you with a +3 quarterstaff of chaos.
Crazy Yiuf draws strength from your wounds!
You hit Crazy Yiuf but do no damage.
Crazy Yiuf is lightly wounded.
You feel sick. Crazy Yiuf completely misses you.
You barely miss Crazy Yiuf.
Crazy Yiuf is lightly wounded.
You feel sick.
Crazy Yiuf hits you with a +3 quarterstaff of chaos!
* * * LOW HITPOINT WARNING * * *
Sorry, you're not good enough to have a special ability.
It was a potion of ambrosia.
You are confused.
You feel invigorated.
You feel sick.
Crazy Yiuf hits you with a +3 quarterstaff of chaos!
You die...

######.#
...##..#
##...#.#####
##.###....#
#####
##.#...###
#..)#
#####...##
#...#
.......##
... ##.###.#
#g#
#.+######
♣♣@♣
###≈≈≈≈≈#
♣.♣♣ #≈....#
♣♣.♣ #≈....#
♣.♣♣
###≈....###
♣♣.♣♣
##.######'.#
♣.P.♣♣
.'.........#
♣..♣.♣
##.........#
#....#
##.......##
#....####


You could see Crazy Yiuf.

Vanquished Creatures
  A dart slug (D:1)
  2 goblins
  5 hobgoblins (D:1)
  A quokka (D:1)
  6 ball pythons (D:1)
  2 bats (D:1)
  3 frilled lizards (D:1)
  3 kobolds
  2 rats (D:1)
25 creatures vanquished.

Notes
Turn   | Place    | Note
-------+----------+-------------------------------------------
     0 | D:1      | javelincjr the Demonspawn Fighter began the quest for the
                  | Orb.
     0 | D:1      | Reached XP level 1. HP: 18/18 MP: 1/1
   127 | D:1      | Gained mutation: You regenerate magic rapidly. [demonic
                  | ancestry]
   127 | D:1      | Reached XP level 2. HP: 23/24 MP: 2/2
   545 | D:1      | Found Riniczung's Weapon Shoppe.
   908 | D:2      | Gained mutation: When hurt, damage is shared between your
                  | health and your magic reserves. [demonic ancestry]
   908 | D:2      | Reached XP level 3. HP: 26/29 MP: 3/3
  1043 | D:2      | Found a faded altar of an unknown god.
  1127 | D:2      | Found a runed translucent door.
  1128 | D:2      | Noticed Crazy Yiuf
  1137 | D:2      | Mangled by Crazy Yiuf

Illustrated notes

Levels and vault maps discovered:
D:1:      dpeg_arrival_simpleton_a, layout_loops_ring, serial_shops,
          nicolae_shop_getting_attention, serial_forest,
          infiniplex_forest_clump_tiny, infiniplex_forest_straight_3,
          infiniplex_forest_corner_2, infiniplex_forest_end_3,
          infiniplex_forest_corner_1, infiniplex_forest_fountain,
          hangedman_decor_opposing, minivault_26, minmay_misc_feat_encased
D:2:      layout_loops_corners, hellmonk_ecumenical_altar_crossroads,
          serial_rivers, chequers_serial_rivers_room_a,
          chequers_serial_rivers_micro_a, chequers_serial_rivers_room_a,
          chequers_serial_rivers_room_a, chequers_serial_rivers_micro_d,
          chequers_serial_rivers_small_3, uniq_crazy_yiuf_cottage

Skill      XL: |  1  2 |
---------------+-------+-----
Polearms       | 2 |  2.1
Shields        | 3 |  3.0
Armour         | 3 |  3.0
Fighting       | |  3.3

Action                     || total
---------------------------++-------
  Melee: Trident           ||    92
    Use: Potion            ||     1
 Armour: Scale mail        ||    23
  Dodge: Dodged            ||    23
  Block: Buckler           ||    15

Table legend: (Time is in decaauts)
 A = Elapsed time spent in this place.
 B = Non-inter-level travel time spent in this place.
 C = Inter-level travel time spent in this place.
 D = Time resting spent in this place.
 E = Time spent auto-exploring this place.
 F = Levels seen in this place.
 G = Mean time per level.
                   A        B        C        D        E       F      G
               +--------+--------+--------+--------+--------+-----+--------+
         Total |   1158 |   1108 |     50 |      0 |    881 |   2 |  579.0 |
       Dungeon |   1158 |   1108 |     50 |      0 |    881 |   2 |  579.0 |
               +--------+--------+--------+--------+--------+-----+--------+

Top non-repeatable levels by time:
     D:1: 834 daAuts
     D:2: 324 daAuts
